 Dungeon Crawl Stone Soup version 0.30.0-5-g1a98f26d00 (webtiles) character file.

Game seed: 7183188107427997169

99 olmar the Covered (level 4, -5/60 HPs)
             Began as an Armataur Fighter on May 10, 2023.
             Slain by an ogre
             ... wielding a +0 giant club
              (32 damage)
             ... on level 4 of the Dungeon.
             The game lasted 00:02:22 (2057 turns).

olmar the Covered (Armataur Fighter)                Turns: 2057, Time: 00:02:23

Health: -5/60      AC:  7    Str: 23    XL:     4   Next: 45%
Magic:  4/4        EV:  7    Int:  8    God:
Gold:   167        SH:  5    Dex: 16    Spells: 3/3 levels left

rFire   . . .        a - +0 flail
rCold   . . .        c - +0 buckler
rNeg    . . .        b - +0 scale mail
rPois   .            (no helmet)
rElec   .            (no cloak)
rCorr   .            (no gloves)
SInv    .            (no barding)
Will    .....        (no amulet) Stlth
                     k - +6 ring of dexterity
HPRegen 0.30/turn    (no ring)
MPRegen 0.09/turn

%: roll
@: berserking, very quick
A: large, rugged brown scales 3, deformed body, armoured tail, roll, long
tongue, awkward tongue
a: no special abilities


You were on level 4 of the Dungeon.
You visited 1 branch of the dungeon, and saw 4 of its levels.

You collected 167 gold pieces.

Inventory:

Hand Weapons
 a - a +0 flail (weapon)
Missiles
 e - 3 boomerangs (quivered)
 m - 8 poisoned darts
Armour
 b - a +0 scale mail (worn)
 c - a +0 buckler (worn)
Jewellery
 k - a +6 ring of dexterity (left hand)
Scrolls
 f - 6 scrolls of identify {unknown}
 g - 2 scrolls of teleportation {unknown}
 h - 3 scrolls of noise {unknown}
 j - 2 scrolls of immolation {unknown}
 l - a scroll of blinking {unknown}
 q - a scroll of fear {unknown}
Potions
 d - 3 potions of might
 i - a potion of berserk rage
 n - a potion of curing {unknown}
 o - a potion of mutation {unknown}
 p - a potion of lignification {unknown}


   Skills:
 + Level 3.1 Fighting
 + Level 2.9 Maces & Flails
 + Level 4.4 Armour
 - Level 0.4 Dodging
 + Level 3.8 Shields


You had 3 spell levels left.
You didn't know any spells.
Your spell library was empty.

Dungeon Overview and Level Annotations

Branches:
Dungeon (4/15)
 Temple: D:4-7

Altars:
Yredelemnul

Annotations:
D:3 2 transporters, NinjaNoafa's ghost, amateur DETm


Innate Abilities, Weirdness & Mutations

You are completely covered in rugged brown scales. (AC +3, +7% HP)
Armour fits poorly on your strangely shaped body.
You have a long armoured tail.
You roll when moving toward enemies. (Rampage)
Your long tongue fully drains potion bottles. (2x potion effects)
Your tongue gives you trouble enunciating. (1.5x scroll delay)


Message History

You feel agile.
k - a +6 ring of dexterity (left hand) Unknown command.
Partly explored, unvisited transporter.
Partly explored, unvisited transporter.
Search for what [? for help]? chain Can't find anything matching that.
Search for what [Enter for "chain", or ? for help]? armor Partly explored, unvisited transporter.
Partly explored, unvisited transporter.
(D) Dungeon
Where to? (Enter - D:3, ? - help)
There is a stone staircase leading down here.
You climb downwards.
The ogre shouts!
You hear a shout!
Found a whip.
There is a stone staircase leading up here.
An ogre is nearby!
Unknown command.
You hit the ogre.
The ogre is lightly wounded.
The ogre hits you with a +0 giant club!
You sock the ogre!
Your tail-slap misses the ogre.
The ogre is heavily wounded.
The ogre closely misses you.
You barely miss the ogre.
The ogre is heavily wounded.
A goblin comes into view. It is wielding a +0 club.
You hit the ogre but do no damage.
The ogre is heavily wounded.
The ogre hits you with a +0 giant club!
You are too injured to fight recklessly!
You are too injured to fight recklessly!
It was a potion of berserk rage.
A red film seems to cover your vision as you go berserk!
You feel yourself moving faster!
You feel mighty!
You slurp down every last drop of the potion of berserk rage!
The ogre hits you with a +0 giant club!!
Ouch! That really hurt!
You die...

.###### .......
+......
#......###
#........
#.......#######
#......@......#
#......O#..#..#
#.......# )#
#.......# #
#####+#.# #g#
#.# #..


You could see an ogre and a goblin.

Vanquished Creatures
  3 adders
  2 worms (D:3)
  2 dart slugs
  2 orcs (D:3)
  8 endoplasms
  3 giant cockroaches
  5 hobgoblins
  2 quokkas
  4 ball pythons
  3 bats
  2 frilled lizards
  6 goblins
  6 kobolds
  10 rats
58 creatures vanquished.

Notes
Turn   | Place    | Note
-------+----------+-------------------------------------------
     0 | D:1      | olmar the Armataur Fighter began the quest for the Orb.
     0 | D:1      | Reached XP level 1. HP: 19/19 MP: 1/1
   110 | D:1      | Reached XP level 2. HP: 26/26 MP: 2/2
   215 | D:1      | Reached skill level 4 in Armour
   686 | D:2      | Reached XP level 3. HP: 32/32 MP: 3/3
  1540 | D:3      | Reached XP level 4. HP: 40/40 MP: 4/4
  1838 | D:3      | Found a faded altar of an unknown god.
  1842 | D:3      | Found a basalt altar of Yredelemnul.
  1951 | D:3      | Noticed NinjaNoafa's ghost (amateur DETm)
  1952 | D:3      | Found a transporter.
  1971 | D:3      | Found a transporter.
  2052 | D:4      | Noticed an ogre
  2057 | D:4      | Slain by an ogre

Illustrated notes

Levels and vault maps discovered:
D:1:      dpeg_arrival_shrine, layout_basic
D:2:      layout_basic
D:3:      layout_rooms, nicolae_overflow_ecumenical_swirl,
          gammafunk_ghost_stat_death, serial_park_tiny_pond
D:4:      layout_basic, serial_shops, nicolae_stop_n_shop_2,
          uniq_crazy_yiuf_cottage, uniq_robin

Skill      XL: |  1  2  3 |
---------------+----------+-----
Armour         | 4 |  4.4
Maces & Flails | 2 |  2.9
Fighting       | 3 |  3.1
Dodging        | |  0.4
Shields        | |  3.8

Action                     |  1- 3 |  4- 6 || total
---------------------------+-------+-------++-------
  Melee: Flail             |   108 |    48 ||   156
         Tailslap          |     8 |     8 ||    16
    Use: Potion            |       |     1 ||     1
 Armour: Scale mail        |    47 |    24 ||    71
  Dodge: Dodged            |    33 |    19 ||    52
  Block: Buckler           |    23 |    12 ||    35
